 Dungeon Crawl Stone Soup version 0.29-a0-857-g9b1aa3ac5b (webtiles) character file.

Game seed: 12871805061194243648

102 nxtlvl the Ducker (level 4, -5/28 HPs)
             Began as a Deep Elf Monk on July 16, 2022.
             Slain by an ogre
             ... wielding a +0 giant club
              (33 damage)
             ... on level 4 of the Dungeon.
             The game lasted 00:11:46 (1225 turns).

nxtlvl the Ducker (Deep Elf Monk)                   Turns: 1225, Time: 00:11:47

Health: -5/28      AC:  5    Str:  8    XL:     4   Next: 49%
Magic:  6/6        EV: 13    Int: 17    God:
Gold:   118        SH:  0    Dex: 17    Spells: 2/3 levels left

rFire   . . .      SeeInvis +   a - +2 short sword (speed)
rCold   . . .      Faith    .   (no shield)
rNeg    . . .      Spirit   .   l - +0 leather armour
rPois   .          Reflect  .   g - +0 helmet
rElec   .          Harm     .   (no cloak)
rCorr   .          Rampage  .   t - +0 pair of gloves {hurl}
Will    .....                   (no boots)
Stlth   ++........              p - amulet of regeneration
HPRegen 0.89/turn               o - ring of see invisible
MPRegen 0.10/turn               (no ring)

@: studying Dodging
A: no striking features
a: no special abilities


You were on level 4 of the Dungeon.
You visited 1 branch of the dungeon, and saw 4 of its levels.

You collected 118 gold pieces.

Inventory:

Hand Weapons
 a - a +2 short sword of speed (weapon)
 b - a +0 quarterstaff
 w - a +0 falchion
Armour
 g - a +0 helmet (worn)
 l - a +0 leather armour (worn)
 t - a +0 pair of gloves of hurling (worn)
Magical Staves
 r - a staff of cold
Jewellery
 o - a ring of see invisible (left hand)
 p - an amulet of regeneration (around neck)
Scrolls
 d - a scroll of amnesia {unknown}
 e - a scroll of acquirement {unknown}
 m - 2 scrolls of teleportation {unknown}
 s - 2 scrolls of identify {unknown}
Potions
 c - 2 potions of ambrosia
 f - a potion of mutation {unknown}
 h - 2 potions of heal wounds {unknown}
 i - a potion of invisibility {unknown}
 j - a potion of attraction {unknown}
 n - a potion of haste {unknown}
 q - a potion of berserk rage {unknown}


   Skills:
 * Level 3.1 Fighting
 + Level 3.6 Long Blades
 + Level 0.7 Staves
 * Level 4.3 Dodging
 * Level 3.2 Stealth


You had 2 spell levels left.
You knew the following spells:

 Your Spells              Type           Power      Damage    Failure   Level
z - Magic Dart            Conj           0%         1d3       34%         1

Your spell library contained the following spells:

 Spells                   Type           Power      Damage    Failure   Level
 Call Imp                 Summ           0%         N/A       45%         2
 Gell's Gravitas          Tloc           0%         N/A       71%         3
 Mephitic Cloud           Conj/Pois/Air  0%         N/A       71%         3
 Teleport Other           Tloc           0%         N/A       71%         3
 Dispersal                Tloc           0%         N/A       100%        6


Dungeon Overview and Level Annotations

Branches:
Dungeon (4/15)
 Temple: D:4-7

Altars:
Xom


Message History

You continue putting on your +0 pair of gloves of hurling. x4
You finish putting on your +0 pair of gloves of hurling.
You feel that your aim is more steady.
A hobgoblin comes into view.
The hobgoblin shouts!
A goblin comes into view. It is wielding a +0 club.
The goblin shouts!
You hit the hobgoblin.
You kill the hobgoblin!
You hear a shout!
An ogre comes into view. It is wielding a +0 giant club.
Throw: 4 javelins
Press: ? - help, Q - select action, (/) - cycle Shift-Dir - straight line, f - ogre
Aim: an ogre, wielding a +0 giant club (78% to hit)
You throw a javelin. The javelin pierces through the goblin.
You kill the goblin!
The javelin pierces through the ogre!
The ogre is moderately wounded.
Throw: 3 javelins
Press: ? - help, Q - select action, (/) - cycle Shift-Dir - straight line, f/p - ogre
Aim: an ogre, wielding a +0 giant club (moderately wounded, 78% to hit)
You throw a javelin. The javelin pierces through the ogre!
The ogre is heavily wounded.
Throw: 2 javelins
Press: ? - help, Q - select action, (/) - cycle Shift-Dir - straight line, f/p - ogre
Aim: an ogre, wielding a +0 giant club (heavily wounded, 78% to hit)
You throw a javelin. The javelin barely misses the ogre.
Throw: javelin
Press: ? - help, Q - select action, (/) - cycle Shift-Dir - straight line, f/p - ogre
Aim: an ogre, wielding a +0 giant club (heavily wounded, 78% to hit)
You throw a javelin. The javelin completely misses the ogre.
An iguana comes into view.
Unknown command.
You hit the ogre.
The ogre is severely wounded.
You hit the ogre.
The ogre is almost dead.
The ogre hits you with a +0 giant club!!
Ouch! That really hurt!
You die...

.........# .. ..
#..... .....(..#..
...#..... #....l..#.
..#..... #........
....... #.......#
#..... #.......# ..
#..... #...)..# ....
#..... #..O..#
##.####....#
###@#...............
#.######.#......##
#...####.#.....)##
###.##...>......#
#.##..........#
#.......#######
####....# #....#
#....#


You could see an ogre and an iguana.

Vanquished Creatures
  2 hounds (D:4)
  A dart slug (D:2)
  4 orcs (D:3)
  2 ball pythons
  An endoplasm (D:1)
  4 giant cockroaches
  3 goblins
  4 hobgoblins
  3 jackals (D:1)
  2 kobolds
  2 quokkas
  A bat (D:1)
  A frilled lizard (D:1)
  3 rats
33 creatures vanquished.

Notes
Turn   | Place    | Note
-------+----------+-------------------------------------------
     0 | D:1      | nxtlvl the Deep Elf Monk began the quest for the Orb.
     0 | D:1      | Reached XP level 1. HP: 13/13 MP: 3/3
   194 | D:1      | Found a faded altar of an unknown god.
   393 | D:1      | Reached XP level 2. HP: 16/18 MP: 4/4
   739 | D:3      | Reached XP level 3. HP: 20/22 MP: 5/5
   960 | D:3      | Found a shimmering altar of Xom.
   989 | D:3      | Found a shimmering altar of Xom.
  1010 | D:3      | Found a shimmering altar of Xom.
  1011 | D:3      | Found a shimmering altar of Xom.
  1115 | D:4      | Reached skill level 4 in Dodging
  1120 | D:4      | Reached XP level 4. HP: 27/27 MP: 6/6
  1184 | D:4      | Learned a level 1 spell: Magic Dart
  1218 | D:4      | Noticed an ogre
  1225 | D:4      | Slain by an ogre

Illustrated notes

Levels and vault maps discovered:
D:1:      dpeg_arrival_simpleton_c, layout_basic,
          chequers_ecumenical_altar_lobes
D:2:      layout_rooms, lemuel_old_faithful
D:3:      layout_loops_ring, xom_redecorated
D:4:      layout_rooms, old_standard_altar

Skill      XL: |  1  2  3  4 |
---------------+-------------+-----
Long Blades    | 3 |  3.6
Dodging        | 4 |  4.3
Stealth        | 3 |  3.2
Fighting       | 3 |  3.1
Staves         | |  0.7

Action                   |  1- 3 |  4- 6 || total
-------------------------+-------+-------++-------
Melee: Falchion          |    74 |       ||    74
       Punch             |     2 |       ||     2
       Quarterstaff      |    18 |       ||    18
       Short sword       |    16 |    15 ||    31
Throw: Javelin           |    10 |     4 ||    14
 Stab: Sleeping          |     3 |       ||     3
Armor: Robe              |     8 |       ||     8
       Leather armour    |    13 |     1 ||    14
Dodge: Dodged            |    70 |     4 ||    74

Table legend: (Time is in decaauts)
 A = Elapsed time spent in this place.
 B = Non-inter-level travel time spent in this place.
 C = Inter-level travel time spent in this place.
 D = Time resting spent in this place.
 E = Time spent auto-exploring this place.
 F = Levels seen in this place.
 G = Mean time per level.
                   A        B        C        D        E       F      G
               +--------+--------+--------+--------+--------+-----+--------+
         Total |   1238 |   1152 |     86 |      0 |      9 |   4 |  309.5 |
       Dungeon |   1238 |   1152 |     86 |      0 |      9 |   4 |  309.5 |
               +--------+--------+--------+--------+--------+-----+--------+

Top non-repeatable levels by time:
     D:1: 543 daAuts
     D:3: 348 daAuts
     D:2: 196 daAuts
     D:4: 150 daAuts
